 Dungeon Crawl Stone Soup version 0.30-a0-860-g512cf1e979 (webtiles) character file.

Game seed: 8540964555038733767

1227 Zenkrye the Spear-Bearer (level 8, 0/58 HPs)
             Began as a Human Cinder Acolyte on Mar 6, 2023.
             Was a High Priest of Ignis.
             Succumbed to a killer bee's poison
             ... on level 5 of the Dungeon on Mar 7, 2023.
             The game lasted 00:15:35 (5306 turns).

Zenkrye the Spear-Bearer (Human Cinder Acolyte)     Turns: 5306, Time: 00:15:36

Health: 0/58       AC: 11    Str: 19    XL:     8   Next: 76%
Magic:  4/11       EV: 10    Int: 15    God:    Ignis [*****.]
Gold:   215        SH:  0    Dex:  9    Spells: 9/11 levels left

rFire   + . .      SeeInvis .    a - +0 spear (flame)
rCold   . . .      Faith    .    (no shield)
rNeg    . . .      Spirit   .    h - +2 ring mail of Jeidapn {rElec Str+3}
rPois   .          Reflect  .    A - +0 helmet
rElec   +          Rampage  .    e - +2 cloak of the Spider Nest {rCorr}
rCorr   +                        (no gloves)
Will    .....                    (no boots) Stlth
                                 (no amulet)
HPRegen 0.29/turn                m - ring of flight
MPRegen 0.12/turn                s - +4 ring of slaying

@: lethally poisoned (0 -> -11), flying
A: mutation resistance 1
a: Renounce Religion, Fiery Armour, Foxfire Swarm, Rising Flame


You were on level 5 of the Dungeon.
You worshipped Ignis.
Ignis was extremely pleased with you.
You visited 1 branch of the dungeon, and saw 6 of its levels.

You collected 215 gold pieces.

Inventory:

Hand Weapons
 a - a +0 spear of flaming (weapon)
 o - a +0 spear
 B - a +0 trident
Missiles
 l - 2 throwing nets {!f}
 n - a boomerang
 w - a poisoned dart (quivered)
Armour
 e - the +2 cloak of the Spider Nest (worn) {rCorr}
   (You found it on level 2 of the Dungeon)

   rCorr:     It protects you from acid and corrosion.
 g - a +0 scale mail
 h - the +2 ring mail of Jeidapn (worn) {rElec Str+3}
   (You found it on level 6 of the Dungeon)

   Str:       It affects your strength (+3).
   rElec:     It insulates you from electricity.
 q - a +0 kite shield
 A - a +0 helmet (worn)
Jewellery
 m - a ring of flight (left hand)
 s - a +4 ring of slaying (right hand)
Wands
 p - a wand of digging (3) {@v1}
Scrolls
 k - a scroll of vulnerability
 t - 2 scrolls of poison
Potions
 b - a potion of brilliance
 c - 2 potions of haste {@q3}
 d - a potion of magic
 j - 5 potions of ambrosia
 u - a potion of mutation
 v - 2 potions of might {unknown}
 y - a potion of flight {unknown}
 z - a potion of lignification {unknown}


   Skills:
 - Level 3.0 Fighting
 * Level 9.3 Polearms
 + Level 2.1 Spellcasting
 - Level 5.0 Fire Magic


You had 9 spell levels left.
You knew the following spells:

 Your Spells              Type           Power      Damage    Failure   Level
a - Scorch                Fire           32%        2d7       8%          2

Your spell library contained the following spells:

 Spells                   Type           Power      Damage    Failure   Level
 Dazzling Flash           Conj/Hex       2%         N/A       75%         3
 Iskenderun's Mystic Bla  Conj/Tloc      1%         2d3       98%         4
 Starburst                Conj/Fire      4%         6d4       100%        6


Dungeon Overview and Level Annotations

Branches:
Dungeon (6/15)             Temple (0/1) D:5

Altars:
Qazlal
Zin


Innate Abilities, Weirdness & Mutations

You are somewhat resistant to further mutation.


Message History

You feel sick. The killer bee misses you. The killer bee stings you!
You are more poisoned.
The killer bee poisons you!
The killer bee stings you but does no damage.
The killer bee stings you.
You are too injured to fight recklessly!
You are too injured to fight recklessly!
You are too injured to fight recklessly!
Casting: Scorch (safe; 8% risk of failure)
Confirm with . or Enter, or press ? or * to list all spells.
Flames lash the killer bee.
The killer bee is heavily wounded.
The killer bee's fire resistance burns away.
You feel very sick. The killer bee stings you!
* * * LOW HITPOINT WARNING * * *
The killer bee stings you but does no damage. x2
The killer bee closely misses you.
Casting: Scorch (safe; 8% risk of failure)
Confirm with . or Enter, or press ? or * to list all spells.
Flames lash the killer bee.
The killer bee is burned terribly!
You kill the killer bee!
* * * LOW HITPOINT WARNING * * *
You feel very sick. The killer bee closely misses you.
The killer bee stings you.
* * * LOW HITPOINT WARNING * * *
You are more poisoned.
The killer bee poisons you!
Okay, then.
Unknown command.
Casting: Scorch (safe; 8% risk of failure)
Confirm with . or Enter, or press ? or * to list all spells.
Flames lash the killer bee.
You kill the killer bee!
* * * LOW HITPOINT WARNING * * *
You feel very sick.
Your Spellcasting skill increases to level 2!
It was a potion of mutation.
You feel extremely strange.
You feel genetically stable.
You die...

######## #......#
#......# ####......#
#.........# ######
##...§.....# #....#
....§...###### #@...#
#...§........# #†...#
#............###(...#
#............#......#
##...........#.#....#
#.....#.######)#....#
#.##..#........#....#
..#..#....#######.###
.......#.## #.#


There were no monsters in sight!

Vanquished Creatures
  A wyvern (D:4)
  Edmund (D:5)
  2 ogres
  A centaur (D:3)
  4 scorpions (D:5)
  3 killer bees (D:5)
  A sleepcap (D:5)
  3 iguanas
  14 gnolls
  5 adders
  A white imp (D:6)
  2 worms (D:2)
  A dart slug (D:3)
  3 orcs
  8 ball pythons
  6 endoplasms
  3 giant cockroaches
  5 goblins
  6 hobgoblins
  3 quokkas
  6 bats
  2 frilled lizards
  10 kobolds
  3 rats (D:1)
94 creatures vanquished.

Vanquished Creatures (others)
  4 fungi (D:3)
4 creatures vanquished.

Grand Total: 98 creatures vanquished

Notes
Turn   | Place    | Note
-------+----------+-------------------------------------------
     0 | D:1      | Zenkrye the Human Cinder Acolyte began the quest for the
                  | Orb.
     0 | D:1      | Reached XP level 1. HP: 18/18 MP: 2/2
   219 | D:1      | Reached XP level 2. HP: 17/24 MP: 3/3
   222 | D:1      | Learned a level 2 spell: Scorch
   380 | D:1      | Found a faded altar of an unknown god.
   644 | D:2      | Identified the +2 cloak of the Spider Nest {rCorr}
   740 | D:2      | Reached XP level 3. HP: 17/29 MP: 0/4
  1017 | D:2      | Reached skill level 4 in Polearms
  1082 | D:2      | Reached XP level 4. HP: 35/35 MP: 5/5
  1428 | D:3      | Found a glowing silver altar of Zin.
  1458 | D:3      | Noticed a centaur
  1471 | D:3      | Killed a centaur
  1472 | D:3      | Reached skill level 5 in Polearms
  1472 | D:3      | Reached XP level 5. HP: 36/41 MP: 1/6
  2302 | D:4      | Noticed an ogre
  2538 | D:4      | Reached XP level 6. HP: 47/47 MP: 7/7
  2753 | D:4      | Killed an ogre
  2956 | D:4      | Reached skill level 6 in Polearms
  3185 | D:5      | Entered Level 5 of the Dungeon
  3345 | D:5      | Noticed Edmund
  3354 | D:4      | Upgraded the game from 0.30-a0-859-gf88a04b62d to
                  | 0.30-a0-860-g512cf1e979
  3363 | D:5      | Killed Edmund
  3364 | D:5      | Reached skill level 5 in Fire Magic
  3364 | D:5      | Reached XP level 7. HP: 45/52 MP: 8/8
  3750 | D:5      | Reached skill level 7 in Polearms
  4224 | D:5      | Reached XP level 8. HP: 53/58 MP: 0/9
  4316 | D:5      | Noticed a wyvern
  4356 | D:4      | HP: 2/58 [wyvern (8)]
  4359 | D:4      | Killed a wyvern
  4360 | D:4      | Reached skill level 8 in Polearms
  4545 | D:5      | Found a staircase to the Ecumenical Temple.
  4718 | D:5      | Found a stormy altar of Qazlal.
  4926 | D:6      | Identified the +2 ring mail of Jeidapn {rElec Str+3}
  5030 | D:6      | Reached skill level 9 in Polearms
  5306 | D:5      | Gained mutation: You are somewhat resistant to further
                  | mutation. [potion of mutation]
  5306 | D:5      | Succumbed to a killer bee's poison

Illustrated notes

Levels and vault maps discovered:
D:1:      heliophobic_arrival_dark_side_of_the_moon, layout_rooms,
          ebering_ecumenical_altar_abandoned
D:2:      layout_basic, corexii_shack
D:3:      layout_basic, mainiacjoe_overflow_boulevard
D:4:      layout_rooms
D:5:      layout_rooms, mainiacjoe_overflow_six_doors_small,
          minmay_temple_entry_purple_smoke, minmay_stone_trees_medium,
          uniq_edmund
D:6:      layout_rooms, minmay_joined_circles

Skill      XL: |  1  2  3  4  5  6  7  8 |
---------------+-------------------------+-----
Polearms       | 4 5 6 7 9 |  9.3
Fire Magic     | 4 5 |  5.0
Spellcasting   | 2 |  2.1
Fighting       | |  3.0

Action                     |  1- 3 |  4- 6 |  7- 9 || total
---------------------------+-------+-------+-------++-------
  Melee: Spear             |   117 |   155 |    73 ||   345
  Throw: Boomerang         |       |     9 |    12 ||    21
         Dart              |       |       |    12 ||    12
   Cast: Scorch            |     6 |    20 |    48 ||    74
    Use: Scroll            |     5 |     8 |     5 ||    18
         Potion            |     1 |     2 |     3 ||     6
 Armour: Robe              |    13 |       |       ||    13
         Ring mail         |    10 |    66 |    38 ||   114
  Dodge: Dodged            |    53 |    68 |    53 ||   174

Table legend: (Time is in decaauts)
 A = Elapsed time spent in this place.
 B = Non-inter-level travel time spent in this place.
 C = Inter-level travel time spent in this place.
 D = Time resting spent in this place.
 E = Time spent auto-exploring this place.
 F = Levels seen in this place.
 G = Mean time per level.
                   A        B        C        D        E       F      G
               +--------+--------+--------+--------+--------+-----+--------+
         Total |   5252 |   4991 |    261 |   1255 |   2714 |   6 |  875.3 |
       Dungeon |   5252 |   4991 |    261 |   1255 |   2714 |   6 |  875.3 |
               +--------+--------+--------+--------+--------+-----+--------+

Top non-repeatable levels by time:
     D:5: 1280 daAuts
     D:3: 1192 daAuts
     D:4: 1049 daAuts
     D:2: 764 daAuts
     D:1: 637 daAuts
     D:6: 327 daAuts
